 Dungeon Crawl Stone Soup version 0.28.0-53-g5a82cb258f (webtiles) character file.

Game seed: 6092065328439827577

193 fuccboisucc420 the Cudgeller (level 5, -1/41 HPs)
             Began as a Demonspawn Abyssal Knight on July 20, 2022.
             Was a Follower of Lugonu.
             Slain by a water moccasin (6 damage)
             ... on level 3 of the Dungeon.
             The game lasted 00:09:47 (3733 turns).

fuccboisucc420 the Cudgeller (DsAK)                 Turns: 3733, Time: 00:09:48

Health: -1/41      AC:  9    Str: 16    XL:     5   Next: 44%
Magic:  6/6        EV: 11    Int: 11    God:    Lugonu [*.....]
Gold:   158        SH:  0    Dex: 13    Spells: 4/4 levels left

rFire   . . .      SeeInvis .   a - +1 mace
rCold   . . .      Faith    .   (no shield)
rNeg    . . .      Spirit   .   n - +1 ring mail
rPois   .          Reflect  .   m - +0 helmet
rElec   .          Harm     .   (no cloak)
rCorr   .          Rampage  .   d - +1 pair of gloves
Will    .....                   (no boots)
Stlth   +.........              (no amulet)
HPRegen 0.13/turn               (no ring)
MPRegen 0.10/turn               (no ring)

@: lethally poisoned (-1 -> -3)
A: demonic touch 1
a: Renounce Religion, Depart the Abyss


You were on level 3 of the Dungeon.
You worshipped Lugonu.
Lugonu was aware of your devotion.
You visited 1 branch of the dungeon, and saw 4 of its levels.
You visited the Abyss 1 time.

You collected 158 gold pieces.

Inventory:

Hand Weapons
 a - a +1 mace (weapon)
Missiles
 g - 94 stones (quivered)
 j - a throwing net
Armour
 b - a +0 leather armour
 d - a +1 pair of gloves (worn)
 m - a +0 helmet (worn)
 n - a +1 ring mail (worn)
Jewellery
 i - an amulet of magic regeneration
Scrolls
 e - a scroll of identify {unknown}
 k - 3 scrolls of enchant armour
 l - a scroll of enchant weapon {unknown}
 o - a scroll of noise {unknown}
Potions
 c - a potion of heal wounds {unknown}
 h - a potion of cancellation {unknown}


   Skills:
 - Level 3.0 Fighting
 + Level 3.8 Maces & Flails
 + Level 1.0 Throwing
 + Level 2.5 Armour
 * Level 2.3 Dodging
 + Level 0.5 Stealth
 - Level 2.4 Invocations


You had 4 spell levels left.
You didn't know any spells.
Your spell library contained the following spells:

 Spells                   Type           Power      Damage    Failure   Level
 Magic Dart               Conj           0%         1d3       54%         1
 Call Imp                 Summ           0%         N/A       69%         2
 Mephitic Cloud           Conj/Pois/Air  0%         N/A       89%         3


Dungeon Overview and Level Annotations

Branches:
Dungeon (4/15)
 Temple: D:4-7

Altars:
Hepliaklqana
Sif Muna
Trog

Annotations:
D:4 2 runed translucent doors


Innate Abilities, Weirdness & Mutations

Your touch may inflict minor irresistible damage on your foes.


Message History

You feel very sick.
The water moccasin completely misses you.
You miss the water moccasin.
The water moccasin is heavily wounded.
You feel very sick. The water moccasin bites you.
You are lethally poisoned!
The water moccasin poisons you! The water moccasin bites you.
You are more poisoned.
The water moccasin poisons you!
You closely miss the water moccasin. Your touch misses the water moccasin.
The water moccasin is heavily wounded.
* * * LOW HITPOINT WARNING * * *
You feel extremely sick.
The water moccasin bites you but does no damage. x2
You feel better. The water moccasin bites you.
* * * LOW HITPOINT WARNING * * *
You are poisoned.
The water moccasin poisons you!
You closely miss the water moccasin.
The water moccasin is heavily wounded.
* * * LOW HITPOINT WARNING * * *
You feel very sick.
The water moccasin bites you but does no damage.
The water moccasin misses you.
You sock the water moccasin! Your touch misses the water moccasin.
The water moccasin is severely wounded.
You feel sick.
The water moccasin bites you but does no damage.
The water moccasin barely misses you.
You closely miss the water moccasin.
The water moccasin is severely wounded.
You feel sick. The water moccasin closely misses you.
As you read the scroll labelled ACLIRY UPETU, it crumbles to dust.
It is a scroll of enchant armour.
Your +0 ring mail glows green for a moment.
You feel sick. The water moccasin closely misses you.
The water moccasin bites you but does no damage.
You feel sick. The water moccasin bites you.
You die...

####..#######
....# ####.#
## # #+# #.
.# #. #.#
#.###..#
#.../..#
####..S.#
+....@..#
##......#
#.......#
#.......#
#.......#
##.....## #.#
##...## #.#
##.##
#####.## #.#


You could see a water moccasin.

Vanquished Creatures
  An ogre (D:3)
  An iguana (D:3)
  Robin (D:2)
  2 adders
  A worm (D:2)
  2 dart slugs
  A ball python (D:1)
  6 endoplasms
  2 giant cockroaches
  10 goblins
  6 hobgoblins
  3 quokkas
  4 bats
  4 frilled lizards
  3 kobolds
  7 rats
54 creatures vanquished.

Vanquished Creatures (others)
  A goblin (D:2)
1 creature vanquished.

Grand Total: 55 creatures vanquished

Notes
Turn   | Place    | Note
-------+----------+-------------------------------------------
     0 | Abyss:1  | fuccboisucc420 the Demonspawn Abyssal Knight began the
                  | quest for the Orb.
     0 | Abyss:1  | Reached XP level 1. HP: 18/18 MP: 2/2
     0 | D:1      | Escaped the Abyss
    50 | D:1      | Reached skill level 1 in Dodging
   155 | D:1      | Reached * piety under Lugonu
   538 | D:1      | Gained mutation: Your touch may inflict minor irresistible
                  | damage on your foes. [demonic ancestry]
   538 | D:1      | Reached XP level 2. HP: 24/24 MP: 3/3
  1051 | D:2      | Reached XP level 3. HP: 23/29 MP: 4/4
  1659 | D:2      | Found a faded altar of an unknown god.
  1730 | D:2      | Noticed Robin
  1753 | D:2      | Killed Robin
  2049 | D:2      | Reached XP level 4. HP: 26/35 MP: 5/5
  2274 | D:3      | Found a bloodstained altar of Trog.
  2590 | D:3      | Found a shimmering blue altar of Sif Muna.
  2590 | D:3      | Noticed an ogre
  2599 | D:3      | Killed an ogre
  2600 | D:3      | Reached XP level 5. HP: 21/41 MP: 6/6
  3064 | D:3      | Reached skill level 1 in Throwing
  3610 | D:3      | Found a hazy altar of Hepliaklqana.
  3702 | D:4      | Found a runed translucent gate.
  3702 | D:4      | Found a runed translucent gate.
  3717 | D:3      | Noticed a water moccasin
  3733 | D:3      | Slain by a water moccasin

Illustrated notes

Levels and vault maps discovered:
D:1:      psy_arrival_spokes, layout_loops_ring
D:2:      layout_basic, dreamdust_ecumenical_altar_angels_and_demons, uniq_robin
D:3:      layout_loops_corners, amcnicky_altar_gilded, lemuel_tele_altar,
          lemuel_doored_altar, chei_slow_surprise
D:4:      layout_loops_ring, mainiacjoe_overflow_paths, gammafunk_ghost_split

Skill      XL: |  1  2  3  4  5 |
---------------+----------------+-----
Dodging        | 1 2 |  2.3
Maces & Flails | 2 3 |  3.8
Armour         | 2 |  2.5
Throwing       | 1 |  1.0
Fighting       | |  3.0
Stealth        | |  0.5
Invocations    | |  2.4

Action                   |  1- 3 |  4- 6 || total
-------------------------+-------+-------++-------
Melee: Mace              |    91 |    63 ||   154
       Touch             |     8 |    11 ||    19
       Punch             |       |     2 ||     2
Throw: Stone             |    19 |     4 ||    23
Invok: Depart the Abyss  |     1 |       ||     1
  Use: Scroll            |     2 |     1 ||     3
       Potion            |       |     1 ||     1
Armor: Leather armour    |    32 |       ||    32
       Ring mail         |       |    26 ||    26
Dodge: Dodged            |    70 |    54 ||   124
